 Dungeon Crawl Stone Soup version 0.30.1-4-g462c640d31 (webtiles) character file.

Game seed: 13313922101490324918

195 booth the Cudgeller (level 5, -4/33 HPs)
             Began as a Gargoyle Monk on Aug 25, 2023.
             Blown up by Ijyb (14 damage)
             ... with a mindburst bolt
             ... on level 4 of the Dungeon.
             The game lasted 00:14:00 (2839 turns).

booth the Cudgeller (Gargoyle Monk)                 Turns: 2839, Time: 00:14:01

Health: -4/33      AC:  9    Str: 15 (16) XL:     5   Next: 74%
Magic:  5/5        EV: 11    Int: 10 (11) God:
Gold:   93         SH:  2    Dex:  9 (12) Spells: 4/4 levels left

rFire   . . .        a - +0 mace
rCold   . . .        q - +0 buckler
rNeg    + . .        i - +0 leather armour
rPois   ∞            p - +0 helmet
rElec   +            (no cloak)
rCorr   .            (no gloves)
SInv    .            g - +0 pair of boots
Will    .....        (no amulet)
Stlth   +            (no ring)
HPRegen 0.25/turn    (no ring)
MPRegen 0.09/turn

%: no passive effects
@: no status effects
A: sickness immunity, AC +4, negative energy resistance 1, electricity
resistance, torment resistance 1, petrification resistance
a: no special abilities


You were on level 4 of the Dungeon.
You visited 1 branch of the dungeon, and saw 4 of its levels.

You collected 93 gold pieces.

Inventory:

Hand Weapons
 a - a +0 mace (weapon)
Armour
 d - an orb of light
 g - a +0 pair of boots (worn)
 i - a +0 leather armour (worn)
 o - a +0 ring mail
 p - a +0 helmet (worn)
 q - a +0 buckler (worn)
Jewellery
 l - a ring of flight
Wands
 e - a wand of polymorph (4)
Scrolls
 f - a scroll of amnesia
 j - a scroll of vulnerability
 m - a scroll of fog {unknown}
Potions
 b - a potion of attraction
 c - a potion of ambrosia
 h - 2 potions of curing
 k - a potion of lignification {unknown}
 n - a potion of mutation {unknown}


   Skills:
 + Level 4.2 Fighting
 + Level 1.8(3.2) Axes
 * Level 4.5(4.8) Maces & Flails
 + Level 3.1 Dodging


You had 4 spell levels left.
You didn't know any spells.
Your spell library contained the following spells:

 Spells                   Type           Power      Damage    Failure   Level
 Magic Dart               Conj           0%         1d3       54%         1
 Blink                    Tloc           0%         N/A       69%         2
 Lesser Beckoning         Tloc           0%         N/A       69%         2
 Momentum Strike          Conj/Tloc      0%         3d8       69%         2
 Searing Ray              Conj           0%         2d4       69%         2
 Static Discharge         Conj/Air       0%         2-2/arc   69%         2
 Airstrike                Air            0%         2d(0-16)  100%        4
 Fulminant Prism          Conj/Hex       0%         3d5       100%        4
 Summon Lightning Spire   Summ/Air       0%         N/A       100%        4


Dungeon Overview and Level Annotations

Branches:
Dungeon (4/15)
 Temple: D:4-7

Altars:
Okawaru

Shops:
D:1 *

Annotations:
D:4 Ijyb


Innate Abilities, Weirdness & Mutations

You are immune to sickness and miasma.
Your stone body is resilient. (AC +4)
You are immune to poison.
You resist negative energy. (rN+)
You are resistant to electric shocks. (rElec)
You are resistant to unholy torment.
You are immune to petrification.


Message History

The dart slug closely misses you.
You sock the dart slug!
The dart slug is severely wounded.
The dart slug bites you but does no damage.
You hit the dart slug.
You kill the dart slug!
A quokka comes into view.
You hit the quokka but do no damage.
The quokka bites you but does no damage. x2
You miss the quokka. The quokka bites you.
You closely miss the quokka. The quokka misses you.
The quokka closely misses you.
You hit the quokka.
The quokka is heavily wounded.
The quokka bites you but does no damage.
You hit the quokka.
You kill the quokka!
You see here a quokka corpse.
Ijyb the Twisted Goblin comes into view.
She is wielding a +6 club and carrying a wand of mindburst (15).
Found 2 gold pieces.
Ijyb shouts!
Ijyb zaps a wand.
Your mind is blasted!
Ouch! That really hurt!
An endoplasm comes into view.
The endoplasm quivers.
You hit Ijyb but do no damage. Ijyb closely misses you.
You completely miss Ijyb. Ijyb hits you but does no damage.
You barely miss Ijyb. Ijyb hits you with a +6 club.
It was a potion of heal wounds.
You feel much better.
Ijyb zaps a wand.
Your mind is blasted!
Ouch! That really hurt!
You hit Ijyb but do no damage. Ijyb closely misses you.
You barely miss Ijyb. Ijyb barely misses you.
You closely miss Ijyb. Ijyb screams, "Me kill you!" Ijyb barely misses you.
Ijyb hits you with a +6 club.
You sock Ijyb!
Ijyb is moderately wounded.
Ijyb zaps a wand.
Your mind is blasted!
You die...

##### ##...##
#.....#########.#.
#........@gJ.....$
#.....#######.....
##...## ..# ##†##
. ##.#### #.....#
#.###.# #.# .#
#.###.# #


You could see Ijyb and an endoplasm.

Vanquished Creatures
  An orc priest (D:3)
  A jelly (D:3)
  Jessica (D:2)
  Robin (D:2)
  2 adders
  2 worms
  3 dart slugs
  2 orcs (D:3)
  7 endoplasms
  5 giant cockroaches
  3 goblins (D:2)
  10 hobgoblins
  4 jackals (D:1)
  5 kobolds
  4 quokkas
  3 ball pythons
  3 bats
  A frilled lizard (D:2)
  9 rats
67 creatures vanquished.

Notes
Turn   | Place    | Note
-------+----------+-------------------------------------------
     0 | D:1      | booth the Gargoyle Monk began the quest for the Orb.
     0 | D:1      | Reached XP level 1. HP: 14/14 MP: 1/1
   238 | D:1      | Reached XP level 2. HP: 15/19 MP: 2/2
   524 | D:1      | Found Koarrefa's Assorted Antiques.
   803 | D:2      | Noticed Jessica
   815 | D:2      | Killed Jessica
   816 | D:2      | Reached skill level 1 in Axes
   816 | D:2      | Reached XP level 3. HP: 20/24 MP: 3/3
   987 | D:2      | Reached XP level 4. HP: 24/29 MP: 4/4
  1396 | D:2      | Noticed Robin
  1413 | D:2      | Killed Robin
  1867 | D:3      | Found an iron altar of Okawaru.
  1879 | D:3      | Reached XP level 5. HP: 26/33 MP: 5/5
  2826 | D:4      | Noticed Ijyb
  2839 | D:4      | Blown up by Ijyb

Illustrated notes

Levels and vault maps discovered:
D:1:      minmay_arrival_hallway, layout_loops_cross, serial_shops, shop,
          grunt_decor_resistance
D:2:      layout_basic, uniq_jessica, uniq_robin
D:3:      layout_loops_ring, mainiacjoe_overflow_boulevard, moated_statue,
          minmay_between
D:4:      layout_loops_corners, trog_butcher_becter,
          nicolae_overflow_crystal_walls, kennysheep_mini,
          lemuel_coloured_pillars_altar, uniq_ijyb

Skill      XL: |  1  2  3  4 |
---------------+-------------+-----
Axes           | 1 |  1.8
Maces & Flails | 4 |  4.5
Fighting       | 4 |  4.2
Dodging        | 3 |  3.1

Action                     |  1- 3 |  4- 6 || total
---------------------------+-------+-------++-------
  Melee: Mace              |    73 |   135 ||   208
    Use: Scroll            |     2 |     4 ||     6
         Potion            |     1 |     4 ||     5
 Armour: Robe              |    16 |     9 ||    25
         Leather armour    |       |    32 ||    32
  Dodge: Dodged            |    41 |    86 ||   127
